 Dungeon Crawl Stone Soup version 0.30-a0-46-g5a63ccc183 (webtiles) character file.

Game seed: 8138845870484742330

531570 jlumianski the Victor of a Thousand Battles (level 24, 0/187 (191) HPs)
             Began as a Demonspawn Gladiator on Aug 31, 2022.
             Was the Champion of Okawaru.
             Killed by divine providence
             ... invoked by a daeva
              (13 damage)
             ... on level 1 of the Depths on Sept 2, 2022.
             The game lasted 06:15:47 (62144 turns).

jlumianski the Victor of a Thousand Battles (DsGl) Turns: 62144, Time: 06:15:48

HP:   0/187 (191)   AC: 38    Str: 20    XL:     24   Next: 44%
MP:   36/36         EV: 10    Int: 14    God:    Okawaru [******]
Gold: 2055          SH: 26    Dex: 17    Spells: 23/23 levels left

rFire   + + +      SeeInvis .    K - +9 broad axe (elec)
rCold   + + .      Faith    .    f - +4 kite shield {reflect}
rNeg    . . .      Spirit   .    i - +15 Maxwell's patent armour {-Cast -Tele rElec Will+ rCorr}
rPois   .          Reflect  +    Y - +1 helmet of Indomitability {Rampage rC+ rCorr}
rElec   +          Harm     .    O - scarf {rC+ rF+}
rCorr   +          Rampage  +    (gloves unavailable)
Will    ++...      NoTele   +    o - +2 pair of boots "Besoif" {rF+++ Str-3 Int+3 Stlth+}
Stlth   ++........ NoCast   +    h - amulet of regeneration
HPRegen 1.21/turn                q - +4 ring of slaying
MPRegen 0.25/turn                r - +4 ring of slaying

@: studying 4 skills, lightly drained
A: claws 3, large bone plates 3, spiny 3, black mark, demonic magic 2,
bedeviling, aura of silence
}: 3/15 runes: serpentine, barnacled, silver
a: Renounce Religion, Heroism, Finesse, Duel


You were on level 1 of the Depths.
You worshipped Okawaru.
Okawaru was exalted by your worship.
You visited 9 branches of the dungeon, and saw 41 of its levels.
You visited the Abyss 2 times.
You also visited: Trove and Ice Cave.

You collected 6934 gold pieces.
You spent 4879 gold pieces at shops.

Inventory:

Hand Weapons
 v - the +8 hand axe of Cheese {spect, rPois rCorr Int+2}
   (You found it on level 5 of the Vaults)

   When its wielder attacks, the weapon's spirit leaps out and strikes again.
   The spirit shares a part of any damage it takes with its wielder.
   Int:       It affects your intelligence (+2).
   rPois:     It protects you from poison.
   rCorr:     It protects you from acid and corrosion.
 K - a +9 broad axe of electrocution (weapon)
 N - a +4 war axe of flaming
Missiles
 b - 8 silver javelins
 d - 10 throwing nets
 p - 11 boomerangs of dispersal
 s - 23 boomerangs (quivered)
 W - 6 atropa-tipped darts
Armour
 f - a +4 kite shield of reflection (worn)
 g - the +0 pair of boots of Oblivion {rPois Regen+ rCorr Dex+3}
   (You found it in a treasure trove)

   Dex:       It affects your dexterity (+3).
   rPois:     It protects you from poison.
   Regen:     It increases your rate of health regeneration.
   rCorr:     It protects you from acid and corrosion.
 i - the +15 Maxwell's patent armour (worn) {-Cast -Tele rElec Will+ rCorr}
   (You found it in a treasure trove)

   rElec:     It insulates you from electricity.
   -Cast:     It prevents spellcasting.
   -Tele:     It prevents most forms of teleportation.
   rCorr:     It protects you from acid and corrosion.
   Will:      It increases your willpower.
 o - the +2 pair of boots "Besoif" (worn) {rF+++ Str-3 Int+3 Stlth+}
   (Okawaru gifted it to you on level 14 of the Dungeon)

   Str:       It affects your strength (-3).
   Int:       It affects your intelligence (+3).
   rF:        It renders you almost immune to fire.
   Stlth:     It makes you more stealthy.
 O - a scarf of resistance (worn)
 Y - the +1 helmet of Indomitability (worn) {Rampage rC+ rCorr}
   (Okawaru gifted it to you on level 3 of the Abyss)

   rC:        It protects you from cold.
   rCorr:     It protects you from acid and corrosion.
   Rampage:   It bestows one free step when moving towards enemies.
Jewellery
 h - an amulet of regeneration (around neck)
 k - the ring "Inamos" {rPois rF+ rN++ MP+9 Int-4}
   (You took it off a vault guard on level 4 of the Vaults)

   [ring of protection from fire]

   Int:       It affects your intelligence (-4).
   rF:        It protects you from fire.
   rPois:     It protects you from poison.
   rN:        It greatly protects you from negative energy.
   MP:        It affects your magic capacity (+9).
 q - a +4 ring of slaying (left claw)
 r - a +4 ring of slaying (right claw)
 H - the ring "Homnac" {Fly rF- rN++ rCorr Str+9}
   (You took it off a vault sentinel on level 3 of the Vaults)

   [ring of resist corrosion]

   Str:       It affects your strength (+9).
   rF:        It makes you vulnerable to fire.
   rN:        It greatly protects you from negative energy.
   Fly:       It grants you flight.
   rCorr:     It protects you from acid and corrosion.
Wands
 l - a wand of light (31)
 w - a wand of mindburst (10)
 x - a wand of roots (41)
 D - a wand of digging (26)
Scrolls
 n - 9 scrolls of fear
 t - 2 scrolls of magic mapping
 z - 2 scrolls of silence
 F - 7 scrolls of immolation
 M - 5 scrolls of teleportation
Potions
 c - 4 potions of resistance
 j - a potion of flight
 m - 2 potions of ambrosia
 C - a potion of berserk rage
 G - 7 potions of cancellation
 I - 9 potions of curing
 L - a potion of haste
 S - 2 potions of invisibility
 X - a potion of heal wounds
Miscellaneous
 a - a phial of floods
 y - a condenser vane
 Q - a tin of tremorstones (2/2)
 V - a lightning rod (4/4)


   Skills:
 + Level 16.0 Fighting
 - Level 17.6(18.0) Axes
 - Level 6.0(12.9) Maces & Flails
 - Level 2.2 Throwing
 * Level 16.2 Armour
 + Level 7.5 Dodging
 * Level 14.3 Stealth
 - Level 16.5 Shields
 * Level 19.7 Invocations
 * Level 15.7 Evocations


You had 23 spell levels left.
You didn't know any spells.
Your spell library contained the following spells:

 Spells                   Type           Power      Damage    Failure   Level
 Beastly Appendage        Tmut           0%         N/A       99%         1
 Magic Dart               Conj           0%         1d3       99%         1
 Necrotise                Necr           0%         1d4       99%         1
 Sandblast                Erth           0%         2d4       99%         1
 Shock                    Conj/Air       0%         1d3       99%         1
 Sting                    Tmut/Pois      0%         1d3       99%         1
 Blink                    Tloc           0%         N/A       100%        2
 Passwall                 Tmut/Erth      0%         N/A       100%        2
 Poisonous Vapours        Pois/Air       0%         N/A       100%        2
 Static Discharge         Conj/Air       0%         3-3/arc   100%        2
 Sublimation of Blood     Necr           0%         N/A       100%        2
 Wereblood                Tmut           0%         N/A       100%        2
 Gell's Gravitas          Tloc           0%         N/A       100%        3
 Ignite Poison            Fire/Tmut/Pois 0%         N/A       100%        3
 Lesser Beckoning         Tloc           0%         N/A       100%        3
 Mephitic Cloud           Conj/Pois/Air  0%         N/A       100%        3
 Spider Form              Tmut/Pois      0%         N/A       100%        3
 Stone Arrow              Conj/Erth      0%         3d7       100%        3
 Swiftness                Air            0%         N/A       100%        3
 Teleport Other           Tloc           0%         N/A       100%        3
 Airstrike                Air            0%         2d(0-16)  100%        4
 Corpse Rot               Necr/Pois/Air  0%         N/A       100%        4
 Dispel Undead            Necr           0%         3d6       100%        4
 Fulminant Prism          Conj/Hex       0%         3d6       100%        4
 Iskenderun's Mystic Bla  Conj/Tloc      0%         2d3       100%        4
 Leda's Liquefaction      Hex/Erth       0%         N/A       100%        4
 Olgreb's Toxic Radiance  Pois           0%         N/A       100%        4
 Passage of Golubria      Tloc           0%         N/A       100%        4
 Petrify                  Tmut/Erth      0%         N/A       100%        4
 Sticky Flame             Conj/Fire      0%         2d3       100%        4
 Borgnjor's Vile Clutch   Necr/Erth      0%         N/A       100%        5
 Fireball                 Conj/Fire      0%         3d3       100%        5
 Freezing Cloud           Conj/Ice/Air   0%         6-21      100%        5
 Irradiate                Conj/Tmut      0%         3d11      100%        5
 Iskenderun's Battlesphe  Conj           0%         2d6       100%        5
 Lee's Rapid Deconstruct  Erth           0%         3d5*      100%        5
 Manifold Assault         Tloc           0%         N/A       100%        5
 Yara's Violent Unravell  Hex/Tmut       0%         3d3       100%        5
 Conjure Ball Lightning   Conj/Air       0%         3x3d6     100%        6
 Dispersal                Tloc           0%         N/A       100%        6
 Eringya's Noxious Bog    Tmut/Pois      0%         N/A       100%        6
 Starburst                Conj/Fire      0%         6d3       100%        6
 Statue Form              Tmut/Erth      0%         N/A       100%        6
 Orb of Destruction       Conj           0%         9d5       100%        7
 Disjunction              Tloc           0%         N/A       100%        8
 Ignition                 Fire           0%         3d3       100%        8
 Lehudib's Crystal Spear  Conj/Erth      0%         10d2      100%        8
 Necromutation            Tmut/Necr      0%         N/A       100%        8
 Polar Vortex             Ice            0%         N/A       100%        9
 Call Imp                 Summ           Unusable   N/A       N/A         2
 Summon Guardian Golem    Hex/Summ       Unusable   N/A       N/A         3
 Tukima's Dance           Hex            Unusable   N/A       N/A         3
 Animate Armour           Summ/Erth      Unusable   N/A       N/A         4
 Summon Ice Beast         Ice/Summ       Unusable   N/A       N/A         4
 Summon Forest            Summ/Tloc      Unusable   N/A       N/A         5
 Simulacrum               Ice/Necr       Unusable   N/A       N/A         6
 Summon Hydra             Summ           Unusable   N/A       N/A         7

Dungeon Overview and Level Annotations

Branches:
Dungeon (15/15)            Temple (1/1) D:5            Lair (5/5) D:10
 Shoals (4/4) Lair:3        Snake (4/4) Lair:3        Slime (0/5) Lair:5
    Orc (2/2) D:11            Elf (3/3) Orc:2        Vaults (5/5) D:14
  Crypt (0/3) Vaults:2     Depths (2/4) D:15          IceCv (visited)

Altars:
Ashenzari
Cheibriados
Dithmenos
Fedhas
Gozag
Hepliaklqana
Kikubaaqudgha
Makhleb
Nemelex Xobeh
Okawaru
Qazlal
Ru
Sif Muna
Trog
Uskayaw
Vehumet
Wu Jian
Xom
Yredelemnul

Shops:
D:7 [   D:8 [*?*   D:11 (   D:14 [*[   Orc:2 *?=[   Elf:1 :   Elf:2 *:
Elf:3 (*   Shoals:3 =*   Snake:3 *   Snake:4 :==   Vaults:1 ([[
Vaults:2 :*:*[   Vaults:3 [*!**

Portals:
Ziggurat: Depths:1
Bazaar: Depths:1

Annotations:
D:6 2 runed translucent doors, Tollund's ghost, novice OpTm
D:14 2 runed translucent doors, petzl's ghost, amateur FoAM


Innate Abilities, Weirdness & Mutations

You have claws for hands.
You are completely covered in large bone plates. (SH +8)
You are completely covered in sharp spines.
Your melee attacks may debilitate your foes.
Spells you cast may paralyse nearby enemies.
Your hexes are more powerful.
You are surrounded by an aura of silence.


Message History

The ice dragon claws you but does no damage.
You block the ice dragon's attack.
You slash the ice dragon!
The ice dragon is lightly wounded.
The ice dragon breathes frost at you.
The blast of cold hits you but does no damage.
You slice the ice dragon!!
The ice dragon is heavily wounded.
The ice dragon bites you but does no damage.
You block the ice dragon's attack.
The ice dragon tramples you but does no damage.
You slash the ice dragon!
The ice dragon is drained!
The ice dragon is severely wounded.
You slash the ice dragon!
Lightning courses through the ice dragon!
The ice dragon is almost dead.
The ice dragon breathes frost at you. The blast of cold hits you! You resist.
* * * LOW HITPOINT WARNING * * *
You slash the ice dragon!
Lightning courses through the ice dragon!
You kill the ice dragon!
Okawaru accepts your kill.
The ice dragon scales are intact enough to wear.
Things that are here:
+0 ice dragon scales; an ice dragon corpse The daeva calls down the wrath of the Shining One upon you.
The Shining One smites you!
* * * LOW HITPOINT WARNING * * *
The daeva calls down the wrath of the Shining One upon you.
The Shining One smites you!
* * * LOW HITPOINT WARNING * * *
Things that are here:
+0 ice dragon scales; an ice dragon corpse The daeva calls down the wrath of the Shining One upon you.
The Shining One smites you!
* * * LOW HITPOINT WARNING * * *
The daeva calls down the wrath of the Shining One upon you.
The Shining One smites you!
You die...

######################
................@....#
.....)...............#
..................[..#
#############.##.[.###
#)...#..#* ##.#####.#*
************#..#AAA#..#
,,,,,,,,,,,...##A∩.##.#
,,,,,,,,,,,....#...#..#


You could see a daeva and 3 angels.

Vanquished Creatures
  A dread lich (Vaults:4)
  An ancient lich (Vaults:5)
  3 golden dragons
  A profane servitor (Abyss:3)
  Nikola (Shoals:1)
  4 tentacled monstrosities
  Jorgrun (Orc:1)
  3 liches
  Rupert (D:15)
  3 deep elf blademasters
  4 titans
  2 quicksilver dragons (Vaults:4)
  Asterion (Elf:3)
  2 deep elf master archers (Elf:3)
  11 sphinxes
  A kraken (Shoals:2)
  4 tentacled starspawn (Abyss:3)
  Polyphemus (Shoals:3)
  Donald (Vaults:4)
  5 tengu reavers
  2 storm dragons (Vaults:4)
  A thorn hunter (Snake:2)
  5 shadow dragons
  3 fire giants
  7 nagarajas
  Ilsuiw (Shoals:2)
  4 orc warlords
  7 deep elf sorcerers
  5 frost giants
  Louise (D:15)
  2 balrugs (Abyss:3)
  14 vault wardens
  Aizul (Elf:3)
  2 iron dragons
  4 deep elf elementalists (Elf:3)
  A juggernaut zombie (D:15)
  25 ironbound preservers
  6 very ugly things
  12 stone giants
  2 war gargoyles (Vaults:5)
  7 ironbound thunderhulks
  Nessos (D:15)
  8 deep elf demonologists (Elf:3)
  A vampire knight (Vaults:2)
  6 deep elf annihilators
  A lorocyproca (Abyss:3)
  A white draconian (Abyss:3)
  13 dire elephants
  2 entropy weavers (Vaults:3)
  3 spark wasps (Depths:1)
  A minotaur (Shoals:4)
  8 ettins
  6 deep elf death magi
  Snorg (Lair:5)
  2 crystal guardians (Vaults:1)
  A fire dragon (Depths:1)
  3 merfolk impalers
  A merfolk javelineer (Shoals:4)
  Josephine (Orc:1)
  5 deep elf high priests
  A shambling mangrove (Abyss:3)
  33 vault guards
  An ice dragon (Depths:1)
  16 yaktaur captains
  7 great orbs of eyes
  A rakshasa (Depths:1)
  2 peacekeepers
  10 boulder beetles
  15 hydras
  12 anacondas
  A merfolk avatar (Shoals:4)
  38 centaur warriors
  6 ironbound frosthearts
  2 catoblepae
  2 alligators (Snake:2)
  27 dancing weapons
  11 satyrs
  18 naga warriors
  A tengu warrior (Depths:1)
  10 two-headed ogres
  2 deep troll earth magi
  11 death yaks
  20 naga sharpshooters
  5 orc high priests
  6 shock serpents
  A thrashing horror (Abyss:3)
  7 wretched stars (Abyss:3)
  The ghost of SirDiesAlot the Geomancer, a novice DEEE of Vehumet (D:9)
  Nergalle (Orc:1)
  10 salamander mystics
  21 deep elf knights
  7 skeletal warriors (D:15)
  A shadow wraith (Abyss:3)
  51 deep trolls
  A death drake (shapeshifter) (Vaults:5)
  4 naga ritualists
  A goliath frog (Snake:1)
  10 sea snakes
  17 ironbound convokers
  3 swamp dragons
  Pikel (D:8)
  A golden dragon skeleton (D:15)
  11 harpies
  7 deep elf archers
  2 wizards
  A swamp dragon (shapeshifter) (Vaults:1)
  4 phantasmal warriors
  A shadow dragon zombie (Vaults:3)
  7 lindwurms
  10 necromancers
  20 ugly things
  32 deep elf pyromancers
  2 oklob plants
  A wolf spider (Vaults:4)
  18 orc knights
  5 orc sorcerers (Orc:2)
  22 deep elf zephyrmancers
  A salamander (shapeshifter) (Vaults:5)
  2 worldbinders (Abyss:3)
  2 fire giant zombies
  10 salamanders
  14 fauns
  A frost giant zombie (Vaults:4)
  8 mana vipers
  17 merfolk sirens
  9 cyclopes
  A stone giant zombie (Depths:1)
  A sphinx skeleton (Vaults:4)
  A moth of wrath (D:9)
  8 manticores
  11 elephants
  A manticore (shapeshifter) (D:11)
  A fire giant skeleton (Depths:1)
  12 vault sentinels
  Joseph (D:9)
  Maurice (D:13)
  15 naga magi
  3 guardian serpents
  3 water nymphs
  An orange demon (Abyss:3)
  2 ice statues (IceCv)
  21 black mambas
  3 smoke demons (Abyss:3)
  3 torpor snails
  2 demonic crawlers (Elf:1)
  4 gargoyles
  An elf skeleton (Vaults:3)
  2 rime drakes (Orc:1)
  9 cane toads
  2 kobold demonologists
  10 komodo dragons
  Psyche (D:11)
  A human skeleton (Vaults:3)
  A spriggan skeleton (D:15)
  An efreet (Abyss:3)
  40 yaktaurs
  A guardian mummy (D:15)
  A yaktaur skeleton (Vaults:3)
  6 ancient zymes (Abyss:3)
  A merfolk (shapeshifter) (Vaults:5)
  5 harpy zombies (Shoals:1)
  6 meliai (D:14)
  12 merfolk
  5 polar bears
  5 wind drakes
  10 trolls
  4 hornets
  30 dream sheep
  21 slime creatures
  A tarantella (Vaults:3)
  13 blink frogs
  11 raiju (Abyss:3)
  7 snapping turtles
  An air elemental (Elf:2)
  A human simulacrum (Vaults:4)
  A jumping spider (shapeshifter) (Elf:2)
  4 vampires
  A jumping spider (Vaults:3)
  8 large abominations (Abyss:3)
  A snapping turtle (shapeshifter) (Vaults:4)
  2 water elementals
  43 yaks
  2 ynoxinuls (Abyss:3)
  15 spriggans (Lair:5)
  An ettin skeleton (D:15)
  2 wyverns (shapeshifter)
  A golden eye (Abyss:3)
  5 wyverns
  3 shadows
  6 wraiths
  A fire elemental (Elf:1)
  2 steam dragons
  3 basilisks
  7 redbacks
  3 chaos spawn (Abyss:3)
  A redback (shapeshifter) (Vaults:4)
  4 wargs (Orc:2)
  17 vampire mosquitoes
  3 swamp worms (Snake:2)
  Edmund (D:4)
  35 nagas
  A harpy simulacrum (IceCv)
  Duvessa (D:7)
  An acid dragon (D:10)
  10 water moccasins
  A glowing shapeshifter skeleton (Depths:1)
  2 floating eyes (Abyss:3)
  2 ice beasts
  7 black bears
  2 swamp drakes (Snake:2)
  A sky beast (D:5)
  10 ogres
  A manticore zombie (Shoals:1)
  6 small abominations (Abyss:3)
  12 boggarts
  35 orc warriors
  44 wolves
  14 centaurs
  A phantom (D:4)
  A lemure (D:8)
  Blork the orc (D:5)
  2 necrophages (D:6)
  2 kobold brigands
  11 bullfrogs
  A cyclops zombie (Orc:1)
  A scorpion (D:10)
  3 cane toad simulacra (IceCv)
  An earth elemental (Elf:2)
  8 wights
  Dowan (D:7)
  A warg zombie (Orc:1)
  4 cyclops skeletons (Orc:1)
  An elephant simulacrum (IceCv)
  6 killer bees (D:9)
  An electric eel (Elf:3)
  3 howler monkeys
  3 quasits
  4 starcursed masses (Abyss:3)
  4 hounds
  3 jellies
  A gnoll bouda (D:10)
  An iron imp (Abyss:3)
  21 orc priests
  5 iguanas
  Terence (D:2)
  23 orc wizards
  A polar bear simulacrum (IceCv)
  An ogre zombie (Orc:1)
  4 adders
  9 gnolls
  2 orc skeletons (Orc:1)
  5 shadow imps
  7 white imps
  8 ufetubi
  2 dart slugs
  70 orcs
  6 ball pythons
  6 endoplasms
  4 giant cockroaches
  4 goblins
  10 hobgoblins
  3 jackals (D:1)
  A quokka (D:2)
  7 bats
  4 frilled lizards
  11 kobolds
  8 rats
  A bush (Lair:5)
  A lurking horror (Abyss:3)
  2 starspawn tentacles (Abyss:3)
  2 tentacles (Shoals:2)
1751 creatures vanquished.

Vanquished Creatures (others)
  A harpy (Shoals:1)
  An ugly thing (IceCv)
  A wraith (Orc:1)
  2 nagas
  A swamp drake (Snake:2)
  An orc wizard (Orc:2)
  5 bushes (Lair:5)
  2 demonic plants (D:4)
  45 fungi
  77 plants
  8 starspawn tentacles (Abyss:3)
  4 tentacles (Shoals:2)
  5 withered plants (D:15)
153 creatures vanquished.

Grand Total: 1904 creatures vanquished

Notes
Turn   | Place    | Note
-------+----------+-------------------------------------------
     0 | D:1      | jlumianski the Demonspawn Gladiator began the quest for the
                  | Orb.
     0 | D:1      | Reached XP level 1. HP: 16/16 MP: 1/1
   405 | D:1      | Gained mutation: You are partially covered in sharp spines.
                  | [demonic ancestry]
   405 | D:1      | Reached XP level 2. HP: 17/22 MP: 2/2
  1234 | D:1      | Gained mutation: You are partially covered in large bone
                  | plates. (SH +4) [demonic ancestry]
  1234 | D:1      | Reached XP level 3. HP: 27/27 MP: 3/3
  1769 | D:2      | Noticed Terence
  1777 | D:2      | Killed Terence
  1778 | D:2      | Reached XP level 4. HP: 14/33 MP: 4/4
  2062 | D:2      | Identified the +1 ring mail of Imperfection {rC++ Str+4}
  2437 | D:3      | You fall into a shaft and drop 2 floors!
  2437 | D:5      | Entered Level 5 of the Dungeon
  2446 | D:5      | Reached skill level 1 in Armour
  2451 | D:5      | Noticed an ice beast
  2470 | D:5      | Killed an ice beast
  2471 | D:5      | Gained mutation: You are mostly covered in sharp spines.
                  | [demonic ancestry]
  2471 | D:5      | Reached XP level 5. HP: 25/39 MP: 5/5
  2612 | D:4      | Noticed an ogre
  2628 | D:4      | Killed an ogre
  2629 | D:4      | Reached skill level 5 in Axes
  2629 | D:4      | Gained mutation: You are mostly covered in large bone
                  | plates. (SH +6) [demonic ancestry]
  2629 | D:4      | Reached XP level 6. HP: 46/46 MP: 6/6
  2764 | D:4      | Reached skill level 1 in Stealth
  2768 | D:4      | Reached skill level 1 in Shields
  2927 | D:3      | Identified the +5 chain mail of Reniusch {+Blink rC- rCorr
                  | Stlth+}
  2981 | D:3      | Found a faded altar of an unknown god.
  3080 | D:3      | Reached XP level 7. HP: 25/52 MP: 7/7
  4177 | D:5      | Noticed Edmund
  4199 | D:4      | Reached skill level 1 in Evocations
  4215 | D:4      | Killed Edmund
  4216 | D:4      | Gained mutation: You are completely covered in large bone
                  | plates. (SH +8) [demonic ancestry]
  4216 | D:4      | Reached XP level 8. HP: 43/58 MP: 8/8
  5026 | D:5      | Found a staircase to the Ecumenical Temple.
  5030 | Temple   | Entered the Ecumenical Temple
  5078 | D:5      | Noticed Blork the orc
  5084 | D:5      | Killed Blork the orc
  5123 | Temple   | Became a worshipper of Warmaster Okawaru
  5720 | D:6      | Noticed a hornet
  5727 | D:6      | Paralysed by a hornet for 1 turns
  5727 | D:6      | Killed a hornet
  5728 | D:6      | Gained mutation: Spells you cast may paralyse adjacent
                  | enemies. [demonic ancestry]
  5728 | D:6      | Reached XP level 9. HP: 61/65 MP: 9/9
  5798 | D:6      | Noticed a troll
  5810 | D:6      | Killed a troll
  5875 | D:6      | Found a large runed translucent door.
  5876 | D:6      | Found a large runed translucent door.
  5879 | D:6      | Noticed Tollund's ghost (novice OpTm)
  6107 | D:6      | Reached * piety under Okawaru
  6431 | D:7      | Found Hoodgho's Armour Boutique.
  6435 | D:7      | Noticed Duvessa
  6451 | D:7      | Killed Duvessa
  6456 | D:7      | Noticed Dowan
  6469 | D:7      | Killed Dowan
  6483 | D:7      | Bought a +0 buckler for 63 gold pieces
  6783 | D:7      | Found an opulent altar of Gozag.
  6801 | D:7      | Found a broken altar of Ashenzari.
  6815 | D:7      | Found a shadowy altar of Dithmenos.
  6868 | D:7      | Found a stormy altar of Qazlal.
  6897 | D:7      | Reached skill level 1 in Invocations
  7581 | D:8      | Reached skill level 2 in Invocations
  7583 | D:8      | Reached ** piety under Okawaru
  7589 | D:8      | Found Netig's General Store.
  7603 | D:8      | Bought a scroll of identify for 22 gold pieces
  7603 | D:8      | Bought a scroll of enchant armour for 82 gold pieces
  7603 | D:8      | Bought a scroll of identify for 22 gold pieces
  7665 | D:8      | Noticed a komodo dragon
  7679 | D:8      | Killed a komodo dragon
  7680 | D:8      | Reached skill level 5 in Armour
  7680 | D:8      | Reached skill level 3 in Invocations
  7680 | D:8      | Reached XP level 10. HP: 67/73 MP: 12/12
  7797 | D:8      | Found Hyleir's Antique Armour Boutique.
  7797 | D:8      | Noticed Pikel
  7814 | D:8      | Killed Pikel
  7814 | D:8      | Reached *** piety under Okawaru
  7815 | D:8      | Reached skill level 5 in Fighting
  7815 | D:8      | Reached skill level 5 in Shields
  7815 | D:8      | Reached skill level 5 in Evocations
  7825 | D:8      | Bought a kite shield for 135 gold pieces
  7901 | D:8      | Reached skill level 4 in Invocations
  7919 | D:8      | Upgraded the game from 0.30-a0-42-g806c11bf1d to
                  | 0.30-a0-43-gbbf338a72c
  7992 | D:8      | Found Plog's Magic Scroll Shop.
  7997 | D:8      | Bought a scroll of blinking for 97 gold pieces
  8171 | D:8      | Found Ysoar's Assorted Antiques.
  8357 | D:9      | Noticed a moth of wrath
  8387 | D:9      | Noticed Joseph
  8401 | D:9      | Killed Joseph
  8492 | D:9      | Reached **** piety under Okawaru
  9019 | D:9      | Found a transporter.
  9037 | D:9      | Noticed SirDiesAlot's ghost (novice DEEE)
  9045 | D:9      | Reached skill level 5 in Invocations
  9193 | D:9      | Found a transporter.
  9309 | D:9      | Received a gift from Okawaru
  9458 | D:9      | Gained mutation: Spells you cast may paralyse nearby
                  | enemies. [demonic ancestry]
  9458 | D:9      | Reached XP level 11. HP: 73/80 MP: 14/14
  9596 | D:9      | Received a gift from Okawaru
  9611 | D:9      | Killed SirDiesAlot's ghost
  9687 | D:10     | Entered Level 10 of the Dungeon
  9818 | D:10     | Reached skill level 6 in Invocations
 10061 | D:10     | Noticed a two-headed ogre
 10072 | D:10     | Reached ***** piety under Okawaru
 10073 | D:10     | Reached skill level 10 in Axes
 10078 | D:10     | Killed a two-headed ogre
 10087 | D:10     | Reached skill level 7 in Invocations
 10310 | D:10     | Noticed a two-headed ogre
 10318 | D:10     | Noticed a two-headed ogre
 10322 | D:10     | Received a gift from Okawaru
 10425 | D:9      | Killed a two-headed ogre
 10436 | D:9      | Killed a two-headed ogre
 10625 | D:10     | Noticed a two-headed ogre
 10633 | D:10     | Killed a two-headed ogre
 10634 | D:10     | Gained mutation: You are completely covered in sharp
                  | spines. [demonic ancestry]
 10634 | D:10     | Reached XP level 12. HP: 60/87 MP: 17/17
 10690 | D:10     | Noticed a two-headed ogre
 10697 | D:10     | Killed a two-headed ogre
 11000 | D:10     | Found a staircase to the Lair.
 11109 | D:11     | Identified a scroll of acquirement
 11109 | D:11     | Acquired the +3 buckler "Utehof" {Int+4 SInv}
 11131 | D:11     | Received a gift from Okawaru
 11274 | D:11     | Found a staircase to the Orcish Mines.
 11310 | D:11     | Reached skill level 5 in Dodging
 11310 | D:11     | Reached skill level 9 in Invocations
 11310 | D:11     | Reached XP level 13. HP: 94/94 MP: 17/19
 11559 | D:11     | Noticed Psyche
 11567 | D:11     | Killed Psyche
 11644 | D:11     | Received a gift from Okawaru
 11811 | D:11     | Found Ufiononi's Weapon Shop.
 12304 | D:12     | Identified the +4 falchion "Nefyqaag" {drain, Str+2 Dex+4}
 12341 | D:12     | Reached skill level 1 in Maces & Flails
 12503 | D:14     | Reached ****** piety under Okawaru
 12568 | D:13     | Received a gift from Okawaru
 12653 | D:13     | Found a transporter.
 12656 | D:13     | Found a transporter.
 12661 | D:13     | Found a transporter.
 12661 | D:13     | Found a transporter.
 12720 | D:13     | Found a transporter.
 12720 | D:13     | Found a transporter.
 12852 | D:12     | Reached skill level 10 in Shields
 12932 | D:13     | Reached skill level 10 in Invocations
 12961 | D:13     | Noticed a red very ugly thing
 12977 | D:13     | Killed a red very ugly thing
 12977 | D:13     | Received a gift from Okawaru
 13418 | D:12     | Reached XP level 14. HP: 92/101 MP: 21/21
 13625 | D:13     | Noticed Maurice
 13645 | D:13     | Killed Maurice
 13866 | D:14     | Noticed a lich
 13866 | D:14     | Noticed petzl's ghost (amateur FoAM)
 13912 | D:14     | Noticed a storm dragon
 13934 | D:14     | Identified the +2 pair of boots "Besoif" {rF+++ Str-3 Int+3
                  | Stlth+} (Okawaru gifted it to you on level 14 of the
                  | Dungeon)
 13934 | D:14     | Received a gift from Okawaru
 13937 | D:14     | Found Ciewoank's Armour Shoppe.
 14045 | Lair:1   | Entered Level 1 of the Lair of Beasts
 14205 | D:14     | Found Qanwanuxt's Assorted Antiques.
 14208 | D:14     | Found a runed translucent door.
 14209 | D:14     | Found a runed translucent door.
 14466 | D:14     | Found Yfiotaf's Armour Shop.
 14842 | D:14     | Found a gate to the Vaults.
 14940 | D:15     | Entered Level 15 of the Dungeon
 15262 | D:15     | Reached skill level 11 in Invocations
 15420 | D:14     | Reached skill level 5 in Maces & Flails
 15765 | D:15     | Found a staircase to the Depths.
 15768 | D:15     | Noticed Louise
 15958 | Orc:1    | Entered Level 1 of the Orcish Mines
 16019 | Orc:1    | Noticed Josephine
 16053 | Orc:1    | Killed Josephine
 16188 | Orc:1    | Found a frozen archway.
 16266 | Orc:2    | Entered Level 2 of the Orcish Mines
 16269 | Orc:2    | Noticed Jorgrun
 16270 | Orc:2    | Found a staircase to the Elven Halls.
 16281 | Orc:1    | Killed Jorgrun
 16282 | Orc:1    | Reached skill level 5 in Stealth
 16337 | IceCv    | Entered an ice cave
 16361 | IceCv    | Found a transporter.
 16371 | IceCv    | Found a transporter.
 16745 | Orc:1    | Received a gift from Okawaru
 16810 | Orc:1    | Noticed Nergalle
 16826 | Orc:1    | Killed Nergalle
 17186 | Orc:2    | Noticed an orc warlord
 17237 | Orc:2    | Killed an orc warlord
 17246 | Orc:2    | Gained mutation: You have sharp fingernails. [demonic
                  | ancestry]
 17246 | Orc:2    | Reached XP level 15. HP: 81/110 MP: 19/23
 17501 | Orc:2    | Found Kuzoh's Armour Boutique.
 17538 | Orc:2    | Identified the +7 broad axe of the Shining Light {vorpal,
                  | rElec rPois} (Okawaru gifted it to you on level 2 of the
                  | Orcish Mines)
 17538 | Orc:2    | Received a gift from Okawaru
 17727 | Orc:2    | Found Dynkisyd's Assorted Antiques.
 17730 | Orc:2    | Found Alidd's Jewellery Shoppe.
 17739 | Orc:2    | Found Lysalel's Magic Scroll Shoppe.
 17807 | Orc:2    | Bought a scroll of enchant weapon for 135 gold pieces
 17807 | Orc:2    | Bought a scroll of enchant weapon for 135 gold pieces
 17821 | Orc:2    | Bought the ring of Damam {Dex+2 Slay+3 SInv} for 582 gold
                  | pieces
 18174 | Lair:1   | You fall into a shaft and drop 1 floor!
 18211 | Lair:1   | Found a burning altar of Makhleb.
 18933 | Lair:2   | Identified the +3 war axe "Wokyown" {flame, Int+4 Stlth+}
                  | (Okawaru gifted it to you on level 2 of the Lair of Beasts)
 18933 | Lair:2   | Received a gift from Okawaru
 19818 | Lair:3   | Found a staircase to the Shoals.
 19848 | Lair:3   | Found a staircase to the Snake Pit.
 20542 | Lair:4   | Reached skill level 12 in Invocations
 20550 | Lair:4   | Received a gift from Okawaru
 21336 | Lair:5   | Entered Level 5 of the Lair of Beasts
 21372 | Lair:4   | Received a gift from Okawaru
 21686 | Lair:5   | Found a staircase to the Slime Pits.
 21700 | Lair:5   | Reached skill level 10 in Evocations
 21895 | Lair:5   | Reached XP level 16. HP: 77/117 MP: 25/25
 21903 | Lair:5   | Received a gift from Okawaru
 22044 | Lair:5   | Reached skill level 10 in Armour
 22073 | Lair:5   | Noticed Snorg
 22090 | Lair:5   | Killed Snorg
 22794 | Lair:5   | Identified the +7 hand axe of Amaecid {elec, rPois rN+}
                  | (Okawaru gifted it to you on level 5 of the Lair of Beasts)
 22794 | Lair:5   | Received a gift from Okawaru
 23046 | D:10     | Upgraded the game from 0.30-a0-43-gbbf338a72c to
                  | 0.30-a0-46-g5a63ccc183
 23169 | D:15     | Killed Louise
 23215 | D:15     | Noticed Rupert
 23236 | D:15     | Killed Rupert
 23383 | D:15     | Noticed Nessos
 23403 | D:15     | Killed Nessos
 23775 | D:15     | Reached skill level 13 in Invocations
 24790 | Snake:1  | Entered Level 1 of the Snake Pit
 24924 | Snake:1  | Received a gift from Okawaru
 26211 | Snake:2  | Found a snail-covered altar of Cheibriados.
 26645 | Snake:1  | Reached XP level 17. HP: 124/124 MP: 27/27
 26998 | Snake:2  | Noticed a tentacled monstrosity
 27022 | Snake:2  | Killed a tentacled monstrosity
 27022 | Snake:2  | Received a gift from Okawaru
 27125 | Snake:2  | Reached skill level 15 in Axes
 27319 | Snake:2  | Identified the +4 chain mail of the Beggar {rElec Will+
                  | Regen+}
 27522 | Snake:3  | Found Enwasm's Neck Hole.
 27565 | Snake:3  | Bought a scarf of resistance for 480 gold pieces
 27565 | Snake:3  | Bought a scarf of repulsion for 180 gold pieces
 27668 | Snake:3  | Found an opulent altar of Gozag.
 28364 | Snake:4  | Entered Level 4 of the Snake Pit
 28753 | Snake:3  | Identified the +1 pair of boots of Fooggez {Int+4 Dex-2}
                  | (Okawaru gifted it to you on level 3 of the Snake Pit)
 28753 | Snake:3  | Received a gift from Okawaru
 29076 | Snake:4  | Reached skill level 14 in Invocations
 29108 | Snake:4  | Found Xuhiav's Jewellery Emporium.
 29113 | Snake:4  | Found Lugug's Book Shop.
 29114 | Snake:4  | Found Binouj's Jewellery Emporium.
 29124 | Snake:4  | Bought a ring of flight for 297 gold pieces
 30080 | Snake:4  | Identified the +2 troll leather armour "Xidduc" {Regen+
                  | Int+7} (Okawaru gifted it to you on level 4 of the Snake
                  | Pit)
 30080 | Snake:4  | Received a gift from Okawaru
 30380 | Snake:4  | Reached XP level 18. HP: 125/133 MP: 28/28
 30530 | Snake:4  | Got a serpentine rune of Zot
 30957 | Shoals:1 | Entered Level 1 of the Shoals
 31250 | Shoals:1 | You are sucked into a shaft and drop 1 floor!
 31417 | Shoals:1 | Noticed Nikola
 31437 | Shoals:1 | Killed Nikola
 32185 | Shoals:3 | HP: 4/134 [faun/sling bullet[a satyr] (19)]
 32686 | Shoals:2 | Noticed Ilsuiw
 32713 | Shoals:2 | Killed Ilsuiw
 32937 | Shoals:3 | Found Cagemag's Overcharged Wands.
 32938 | Shoals:3 | Noticed Polyphemus
 32941 | Shoals:3 | Identified the +0 helmet "Hugi" {rF+} (Okawaru gifted it to
                  | you on level 3 of the Shoals)
 32941 | Shoals:3 | Received a gift from Okawaru
 32960 | Shoals:3 | Killed Polyphemus
 33064 | Shoals:4 | Entered Level 4 of the Shoals
 33493 | Shoals:3 | Found Ysaix's Jewellery Boutique.
 33504 | Shoals:3 | Bought an amulet of reflection for 540 gold pieces
 33814 | Shoals:4 | Identified the amulet "Wuituif" {Faith rElec Will+ Str+4}
 33883 | Shoals:4 | Reached skill level 15 in Invocations
 34285 | Shoals:4 | Got Sif Muna's Atlas of Venom and the Caves
 34333 | Shoals:4 | Reached skill level 10 in Fighting
 34341 | Shoals:4 | Paralysed by a sphinx for 4 turns
 34350 | Shoals:4 | HP: 5/134 [satyr/arrow (31)]
 35154 | Shoals:4 | Identified the +6 war axe of Conscience {elec, rC+ Str+4
                  | Dex+2} (Okawaru gifted it to you on level 4 of the Shoals)
 35154 | Shoals:4 | Received a gift from Okawaru
 35621 | Shoals:4 | Got a barnacled rune of Zot
 36097 | Elf:1    | Entered Level 1 of the Elven Halls
 36267 | Elf:1    | Reached skill level 10 in Stealth
 36687 | Elf:1    | Gained mutation: You have very sharp fingernails. [demonic
                  | ancestry]
 36687 | Elf:1    | Reached XP level 19. HP: 139/140 MP: 30/30
 37162 | Elf:1    | Identified the +1 leather armour of Terror {Rampage Drain
                  | rElec}
 37469 | Elf:1    | Found Lumagu's Tremendous Tomes.
 37549 | Elf:1    | Received a gift from Okawaru
 37707 | Elf:2    | Found Lanelud's Book Emporium.
 37776 | Elf:2    | Found Kericim's Assorted Antiques.
 37829 | Elf:2    | Bought a scroll of enchant weapon for 195 gold pieces
 37829 | Elf:2    | Bought a scroll of teleportation for 78 gold pieces
 38327 | Elf:2    | Found a runed translucent gate.
 38327 | Elf:2    | Found a runed translucent gate.
 38327 | Elf:2    | Found a runed translucent gate.
 40326 | Elf:3    | Entered Level 3 of the Elven Halls
 40334 | Elf:3    | Reached skill level 16 in Invocations
 40424 | Elf:3    | Identified the +1 leather armour of Ethics {Rampage Regen+
                  | Dex+2 Stlth-}
 40651 | Elf:3    | Found Suec Vin's Weapon Shoppe.
 40685 | Elf:3    | Noticed Asterion
 40701 | Elf:3    | Received a gift from Okawaru
 40709 | Elf:3    | Killed Asterion
 40838 | Elf:3    | Found Yfoplylua's Mayhem Merchandise.
 42217 | Elf:3    | Noticed Aizul
 42233 | Elf:3    | Killed Aizul
 42827 | Elf:3    | Identified the ring "Osupid" {Fire Fly rN+ Will-}
 42848 | Elf:3    | Identified the ring "Pipnohe" {Fly Will+ rCorr}
 42848 | Abyss:3  | Cast into level 3 of the Abyss (a deep elf sorcerer)
 42849 | Abyss:3  | Gained mutation: You have claws for hands. [demonic
                  | ancestry]
 42849 | Abyss:3  | Reached XP level 20. HP: 98/145 MP: 32/32
 43080 | Abyss:3  | Noticed a profane servitor
 43105 | Abyss:3  | Killed a profane servitor
 43347 | Abyss:3  | Identified the +1 helmet of Indomitability {Rampage rC+
                  | rCorr} (Okawaru gifted it to you on level 3 of the Abyss)
 43347 | Abyss:3  | Received a gift from Okawaru
 43357 | Elf:3    | Escaped the Abyss
 43391 | Elf:3    | HP: 7/151 [deep elf sorcerer/bolt of acid (10)]
 44304 | Elf:3    | Identified the +1 glaive "Ziwn" {drain, rF+ rN+}
 44304 | Elf:3    | Identified the +8 war axe "Killer Klown's Foe" {venom,
                  | rPois rF+ Str+3}
 44304 | Elf:3    | Identified the amulet of Fun {Faith +Blink Int+4}
 44304 | Elf:3    | Identified the +5 fire dragon scales "Jailoem" {rF++ rC-
                  | rN+ Str+4}
 44319 | Elf:3    | Identified the ring of Xom's Malicious Joy {Ice rElec Will-
                  | Int+9 Slay+3}
 44852 | Abyss:3  | Cast into level 3 of the Abyss (a deep elf sorcerer)
 45293 | Abyss:3  | Noticed a bone dragon
 45536 | Abyss:3  | Reached skill level 15 in Shields
 45797 | Elf:3    | Escaped the Abyss
 46315 | Elf:3    | Identified the +1 chain mail "Atawkew" {-Tele Int+6 Dex+3}
 46318 | Elf:3    | Reached skill level 17 in Invocations
 46341 | Elf:3    | Got the Teachings on Sinister Accompaniment
 46407 | Elf:3    | Identified the +1 pair of gloves of Ywum {*Corrode Will++
                  | Dex+6}
 46773 | Vaults:1 | Entered Level 1 of the Vaults
 46905 | Vaults:1 | Received a gift from Okawaru
 47338 | Vaults:1 | Found Kum Waof's Antique Weapon Shop.
 48191 | Vaults:1 | Found Nanabu's Armour Emporium.
 48219 | Vaults:1 | Found the +18 shield of the Gong {rElec rN+ Will+ EV-5}
 48501 | Vaults:1 | Found Nehaam's Armour Shop.
 48677 | Vaults:2 | Found Xifum's Assorted Antiques.
 48742 | Vaults:2 | Paralysed by something for 5 turns
 49046 | Vaults:2 | Reached XP level 21. HP: 123/159 MP: 33/33
 49054 | Vaults:2 | Received a gift from Okawaru
 49340 | Vaults:2 | Identified the +0 chain mail "Onuasch" {rN+ Will++}
                  | (Okawaru gifted it to you on level 2 of the Vaults)
 49340 | Vaults:2 | Received a gift from Okawaru
 50519 | Vaults:2 | Reached skill level 18 in Invocations
 50580 | Vaults:2 | Found Atzecw's Book Shop.
 50587 | Vaults:2 | Found Hitoxka's Book Shoppe.
 50588 | Vaults:2 | Found Qafanuash's General Store.
 50593 | Vaults:2 | Bought a potion of heal wounds for 90 gold pieces
 50593 | Vaults:2 | Bought a wand of digging (4) for 302 gold pieces
 50932 | Vaults:2 | Found Hianoihog's Antique Armour Shoppe.
 50944 | Vaults:2 | Bought a bloodstained hat for 297 gold pieces
 50944 | Vaults:2 | Identified the +2 hat of Xaefill {rCorr Int+4} (You bought
                  | it in a shop on level 2 of the Vaults)
 51494 | Vaults:2 | Found a staircase to the Crypt.
 52006 | Vaults:3 | Identified the ring "Homnac" {Fly rF- rN++ rCorr Str+9}
 52040 | Vaults:3 | Received a gift from Okawaru
 52061 | Vaults:3 | Found Tebriwn's Distillery.
 52170 | Vaults:3 | Bought a potion of curing for 51 gold pieces
 52170 | Vaults:3 | Bought a potion of curing for 51 gold pieces
 52170 | Vaults:3 | Bought 2 potions of mutation for 272 gold pieces
 52170 | Vaults:3 | Bought a potion of resistance for 170 gold pieces
 52170 | Vaults:3 | Bought a potion of heal wounds for 85 gold pieces
 52309 | Vaults:3 | Identified the +0 pair of boots "Dasogh" {Rampage Drain
                  | rElec rN+++} (Okawaru gifted it to you on level 3 of the
                  | Vaults)
 52309 | Vaults:3 | Received a gift from Okawaru
 52670 | Vaults:3 | Found Loongij's Assorted Antiques.
 52675 | Vaults:3 | Bought a potion of berserk rage for 140 gold pieces
 52725 | Vaults:3 | Found Miup's Assorted Antiques.
 52843 | Vaults:3 | Found Gangam's General Store.
 53151 | Vaults:3 | Found Foyvvaxu's Antique Armour Emporium.
 53479 | Vaults:3 | Gained mutation: Your hexes are more powerful. [demonic
                  | ancestry]
 53479 | Vaults:3 | Reached XP level 22. HP: 101/170 MP: 35/35
 53740 | Vaults:3 | Found a portal to a secret trove of treasure.
 53979 | Orc:2    | Bought a scroll of teleportation for 54 gold pieces
 53979 | Orc:2    | Bought 3 scrolls of teleportation for 162 gold pieces
 53979 | Orc:2    | Bought 3 scrolls of teleportation for 162 gold pieces
 54232 | Vaults:3 | You paid a toll of 13 scrolls of teleportation to enter a
                  | treasure trove
 54233 | Trove    | Entered a treasure trove
 54236 | Trove    | Found the +15 Maxwell's patent armour {-Cast -Tele rElec
                  | Will+ rCorr}
 54238 | Trove    | Identified the +4 kite shield of the Little Devil {Int+2}
 54243 | Trove    | Identified the +0 buckler of Elyvilon's Envy {rN++ rCorr
                  | Str-2}
 54248 | Trove    | Identified the +0 plate armour "Qyamyd" {rC++}
 54249 | Trove    | Identified the +0 pair of boots of Oblivion {rPois Regen+
                  | rCorr Dex+3}
 54251 | Trove    | Identified the +2 pair of boots "Ymyh" {rPois}
 54255 | Trove    | Identified the +4 kite shield of Peppew {rPois Str+3 SInv}
 54257 | Trove    | Identified the +1 pair of boots "Puveaq" {Dex+2}
 54258 | Trove    | Identified the +0 tower shield "Beohyafa" {rF++ rN+}
 54260 | Trove    | Identified the +1 helmet of Dust Devil {rPois rF++ rCorr}
 54266 | Trove    | Identified the +1 robe of Pioduk {rN+ SInv}
 54268 | Trove    | Identified the +5 plate armour of Relativism {rElec rF+}
 54270 | Trove    | Identified the +0 chain mail "Olenew" {Dex+3}
 55122 | Vaults:5 | Entered Level 5 of the Vaults
 56139 | Vaults:4 | Noticed Donald
 56166 | Vaults:4 | Killed Donald
 57789 | Vaults:4 | Received a gift from Okawaru
 57973 | Vaults:5 | HP: 8/172 [death drake (glowing shapeshifter)] (8)]
 57974 | Vaults:4 | HP: 3/172 [poisoned by a death drake (dark miasma)]
 58436 | Vaults:4 | Reached skill level 15 in Armour
 58474 | Vaults:5 | Noticed a golden dragon
 58579 | Vaults:4 | Reached skill level 15 in Evocations
 58624 | Vaults:4 | Killed a golden dragon
 58775 | Vaults:4 | Reached skill level 19 in Invocations
 58792 | Vaults:5 | Noticed a dread lich
 58825 | Vaults:4 | Killed a dread lich
 59247 | Vaults:5 | Noticed an ancient lich
 59258 | Vaults:5 | Killed an ancient lich
 59267 | Vaults:5 | Reached skill level 15 in Fighting
 59356 | Vaults:5 | Noticed a golden dragon
 59364 | Vaults:5 | Gained mutation: Your melee attacks may debilitate your
                  | foes. [demonic ancestry]
 59364 | Vaults:5 | Reached XP level 23. HP: 134/180 MP: 36/36
 59928 | Vaults:5 | Identified the +4 war axe "Diggevyn" {freeze, Int+2}
                  | (Okawaru gifted it to you on level 5 of the Vaults)
 59928 | Vaults:5 | Received a gift from Okawaru
 60202 | Vaults:5 | Identified the +3 leather armour "Cegigep" {Will+ Dex+5}
 60304 | Vaults:5 | Got a silver rune of Zot
 61083 | Vaults:5 | Identified the ring "Inamos" {rPois rF+ rN++ MP+9 Int-4}
 61295 | Vaults:5 | Identified the +8 hand axe of Cheese {spect, rPois rCorr
                  | Int+2}
 61417 | Vaults:5 | Gained mutation: You are surrounded by an aura of silence.
                  | [demonic ancestry]
 61417 | Vaults:5 | Reached XP level 24. HP: 165/165 MP: 36/36
 61952 | Depths:1 | Entered Level 1 of the Depths
 61952 | Depths:1 | Found a flickering gateway to a bazaar.
 62000 | Depths:1 | You fall into a shaft and drop 1 floor!
 62094 | Depths:1 | Found a one-way gateway to a ziggurat.
 62144 | Depths:1 | Killed from afar by a daeva

Illustrated notes

Levels and vault maps discovered:
D:1:      elethiomel_arrival_infinity_welcomes_careful_drivers,
          layout_loops_ring, kennysheep_nondescript
D:2:      layout_loops_corners, uniq_terence
D:3:      layout_basic, shapermc_ecumenical_altar_starsandcircs
D:4:      layout_loops_corners, serial_demonic, serial_demonic_a,
          serial_demonic_b, serial_demonic_e, serial_demonic_e,
          serial_demonic_b, serial_demonic_c, serial_demonic_f,
          serial_demonic_g, nrook_mini_vaults, corexii_checkpoint_b,
          minivault_11, dreamdust_gnoll_farm
D:5:      layout_loops_ring, minmay_temple_entry_steel_oval, uniq_blork_the_orc,
          uniq_edmund
D:6:      layout_gridville, ebering_ghost_disaster_area
D:7:      layout_loops_ring, grunt_temple_overflow_cloverleaf,
          mainiacjoe_overflow_paths, serial_shops, nicolae_diamond_shop,
          uniq_duvessa
D:8:      layout_loops_ring, serial_shops, nicolae_shop_behind_doors,
          nicolae_shop_advertising_works [nicolae_subvault_shop_adworks],
          shop_fountains, nicolae_shop_competitors_out_of_business, uniq_pikel
D:9:      layout_basic, gammafunk_ghost_berserking_beasts,
          hangedman_decor_riveting, uniq_joseph
D:10:     minmay_four_partial_circles, layout_basic,
          grunt_lair_entry_orc_guard_hut, minmay_fractal_squares_gapless_5
D:11:     layout_roguey, orc_0_dummy, serial_shops,
          nicolae_shop_bloodbath_and_beyond, st_stairs_3, uniq_psyche
D:12:     layout_roguey
D:13:     minmay_the_grid_octo_triangle [minmay_the_grid_octo_77,
          minmay_the_grid_octo_prize_big_c, minmay_the_grid_octo_checkered],
          layout_irregular_city, serial_nicolae_subway,
          nicolae_sub_station_metal, nicolae_sub_station_stone,
          nicolae_sub_station_crystal, uniq_maurice
D:14:     layout_rooms, david_vaults_1, serial_shops,
          nicolae_shop_temple_entry_statues_fountains, shop, shop,
          muffindrake_ghost_dual_entry, corexii_corridor_pit
D:15:     gammafunk_depths_entry_grave, layout_basic, chequers_arboretum,
          minmay_three_doors, uniq_louise, uniq_rupert, uniq_nessos
Temple:   sentei_temple_godly_chess
Lair:1:   layout_cave_shapes, basic_altar, wad_woods_road_02
Lair:2:   beast_lair_carwin_large_3, layout_long_grid
Lair:3:   layout_regular_city, elwin_shoals_entry_rocks,
          guppyfry_snake_entry_garden
Lair:4:   layout_cellular_growth, bh_autumn_forest_stairs, lemuel_fruit_tree,
          serial_bayou_shore_b
Lair:5:   minmay_lair_end_enchanted_forest, layout_misc_corridors,
          slime_entry_1, minmay_lair_oklob_bushes, minivault_27,
          serial_bayou_shore_b, uniq_snorg
Shoals:1: layout_shoals, nicolae_shoals_undead_eyrie, uniq_nikola
Shoals:2: layout_shoals, nicolae_shoals_hidden_pirate_stash, uniq_ilsuiw
Shoals:3: layout_shoals, serial_shops, shop, nicolae_shop_overcharged_wands,
          uniq_polyphemus
Shoals:4: shoals_end_hellmonk_lost_city
Snake:1:  layout_basic
Snake:2:  onia_ninara_swampy_vault, layout_gridlike, lemuel_oklob_altar
Snake:3:  layout_misc_corridors, basic_altar, nicolae_snake_gridmaze_big_u,
          abandoned_shop, nicolae_shop_sticking_my_neck_out
Snake:4:  snake_pit, layout_cave_town, minmay_shop_grove
Orc:1:    dreamdust_under_siege, layout_caves, enter_volcano_1,
          portal_ice_cave_rime, statue_in_the_mist_lemuel,
          nicolae_orc_crystal_geode, uniq_josephine, uniq_nergalle
Orc:2:    st_orc_elflike, layout_caves, uniq_jorgrun
Elf:1:    layout_onion_city, hangedman_elf_represent,
          small_chamber_with_monster, drop_trap, nicolae_shop_i_like_big_books,
          einodemon_crawler_minivault
Elf:2:    nicolae_elf_blades_splatter_lattice [mumra_blade_entry_bloodbath],
          layout_geoelf_diagonals, serial_shops, nicolae_shop_waterfront, shop,
          minivault_16
Elf:3:    elf_hall_gauntlet_narrow, layout_geoelf_castle, serial_shops,
          shop_fountains, special_room [special_room_orc], minmay_shop_mayhem,
          minmay_misc_feat_alley, nicolae_elf_big_sculpture_1,
          grunt_megastairs_2, uniq_aizul, uniq_asterion
Vaults:1: hellmonk_guarded_unrand_gong, grunt_vaults_focal,
          vaults_mumra_chevron, vaults_standard_mumra_lines,
          ontoclasm_vaults_fault, layout_vaults_quadrants, serial_shops, shop,
          shop, shop_statue
Vaults:2: v_rooms_3, vaults_dpeg_spiral, nicolae_vaults_hallways_thing,
          minmay_crypt_entry_vampire_xt, vaults_room_pool,
          nicolae_vaults_big_ls, vaults_mumra_minichess_inversion,
          hangedman_vaults_trim, v_misc_26, hangedman_vaults_stream,
          vaults_room_ringed_pool, nicolae_vaults_c_with_doors,
          ontoclasm_vaults_gateway, nicolae_vaults_angled_halls, serial_ice_b,
          layout_vaults_maze, serial_shops, shop_statue, shop,
          nicolae_shop_crystal, shop_statue, shop
Vaults:3: nicolae_vaults_what_the_h, v_misc_1, ontoclasm_vaults_pinch,
          ontoclasm_vaults_ligature, nicolae_vaults_windows_and_doors_thing,
          v_misc_1, vaults_room_boxed, dpeg_vaults_hating_casters,
          nicolae_vaults_theta, layout_vaults_ring, serial_shops,
          nicolae_square_shop, nicolae_shop_stone, shop, nicolae_shop_trees,
          nicolae_square_shop, enter_trove_6
Vaults:4: nicolae_vaults_little_squares_5, grunt_vaults_funnel,
          hangedman_vaults_stretched_pinwheel, vaults_mumra_lcd, v_rooms_1,
          nicolae_vaults_network_quincunx
          [nicolae_vaults_network_quincunx_subvault,
          nicolae_vaults_network_quincunx_subvault,
          nicolae_vaults_network_quincunx_subvault,
          nicolae_vaults_network_quincunx_subvault,
          nicolae_vaults_network_quincunx_subvault],
          hangedman_vaults_stretched_pinwheel, hangedman_vaults_capsules,
          ontoclasm_vaults_decontamination, layout_vaults_chaotic_city,
          uniq_donald
Vaults:5
Depths:1: pf_snail_temple, layout_long_grid, enter_ziggurat_d,
          grunt_decor_fettered, pan_entry, hangedman_abyss_entry_splay,
          serial_shops, bzr_entry_customers, hell_entry,
          lightli_fourway_metalbox, uniq_sojobo
Depths:2: minmay_ornate_pinched, layout_cave_pools, serial_column_ruins,
          column_ruins_hut, column_ruins_columns_straight,
          column_ruins_open_small, column_ruins_open_tiny_water,
          column_ruins_columns_straight, grunt_pan_entry_zigzag,
          nicolae_elyvilon_peaceful_grove, hell_entry

Skill      XL: |  1  2  3  4  5  6  7  8  9 10 11 12 13 14 15 16 17 18 19 20 21 22 23 24 |
---------------+-------------------------------------------------------------------------+-----
Dodging        | 3 4 5 6 7 |  7.5
Throwing       | 2 |  2.2
Axes           | 3 4 5 6 7 8 9 10 11 13 14 16 17 | 17.6
Armour         | 1 2 3 5 6 7 8 9 10 11 12 13 14 15 16 | 16.2
Stealth        | 1 2 3 5 6 7 8 10 11 12 13 14 | 14.3
Shields        | 1 2 3 4 6 8 9 10 11 12 13 14 15 16 | 16.5
Fighting       | 3 4 5 6 7 8 9 10 11 12 13 15 16 | 16.0
Evocations     | 1 3 4 5 6 7 8 9 10 11 12 13 14 15 | 15.7
Invocations    | 3 5 7 9 10 11 12 13 14 15 16 17 18 19 | 19.7
Maces & Flails | 2 6 |  6.0

Action                   |  1- 3 |  4- 6 |  7- 9 | 10-12 | 13-15 | 16-18 | 19-21 | 22-24 || total
-------------------------+-------+-------+-------+-------+-------+-------+-------+-------++-------
Melee: War axe           |    79 |    56 |   236 |   416 |   125 |    19 |       |       ||   931
       Punch             |       |     2 |       |       |       |       |     1 |     1 ||     4
       Demon whip        |       |       |       |       |   673 |       |       |       ||   673
       Broad axe         |       |       |       |       |   494 |  1422 |  1606 |   731 ||  4253
Throw: Javelin           |       |     1 |       |    11 |    14 |       |       |       ||    26
       Dart              |       |       |    12 |       |       |       |       |       ||    12
       Boomerang         |       |       |       |       |     4 |    25 |     7 |     1 ||    37
Invok: Heroism           |       |       |       |     4 |     2 |     7 |    11 |     4 ||    28
       Finesse           |       |       |       |     2 |     6 |     9 |    12 |     8 ||    37
 Abil: Evoke Blink       |       |       |       |       |     1 |     1 |     5 |       ||     7
Evoke: Wand              |       |       |     1 |     2 |     1 |     4 |     6 |       ||    14
       Lightning rod     |       |       |       |     2 |     3 |     1 |     8 |     1 ||    15
       Tin of tremorston |       |       |       |       |     3 |     6 |     8 |     1 ||    18
       Phial of floods   |       |       |       |       |       |       |     1 |       ||     1
  Use: Scroll            |       |       |    17 |     9 |    11 |     3 |    11 |     5 ||    56
       Potion            |       |       |     3 |     2 |     1 |     8 |    12 |     7 ||    33
 Stab: Invisible         |       |       |       |     7 |     1 |     4 |     2 |       ||    14
       Sleeping          |       |       |       |       |     8 |    14 |    13 |     2 ||    37
       Distracted        |       |       |       |       |     3 |     4 |     7 |     1 ||    15
       Petrified         |       |       |       |       |       |     3 |       |       ||     3
       Held in net/web   |       |       |       |       |       |     1 |       |       ||     1
       Petrifying        |       |       |       |       |       |     1 |       |       ||     1
Armor: Leather armour    |    28 |       |       |       |       |       |       |       ||    28
       Ring mail         |       |    12 |       |       |    37 |       |       |       ||    49
       Chain mail        |       |       |   131 |   161 |   422 |   538 |   367 |    62 ||  1681
       Plate armour      |       |       |       |       |       |       |       |   181 ||   181
Dodge: Dodged            |    44 |    36 |    79 |    77 |   282 |   353 |   204 |   128 ||  1203
       Repelled          |       |       |       |       |       |    21 |    16 |       ||    37
Block: Other             |     3 |    11 |    62 |       |       |       |    27 |    35 ||   138
       Buckler           |       |       |    51 |    66 |  1023 |  1388 |   437 |       ||  2965
       Kite shield       |       |       |       |   360 |       |       |   733 |   578 ||  1671
       Reflection        |       |       |       |       |       |    60 |   124 |    73 ||   257
       Tower shield      |       |       |       |       |       |       |   497 |       ||   497

Table legend: (Time is in decaauts)
 A = Elapsed time spent in this place.
 B = Non-inter-level travel time spent in this place.
 C = Inter-level travel time spent in this place.
 D = Time resting spent in this place.
 E = Time spent auto-exploring this place.
 F = Levels seen in this place.
 G = Mean time per level.
                   A        B        C        D        E       F      G
               +--------+--------+--------+--------+--------+-----+--------+
         Total |  61376 |  54197 |   7179 |   7714 |  24554 |  45 | 1363.9 |
       Dungeon |  19686 |  16526 |   3160 |    943 |   9404 |  15 | 1312.4 |
        Temple |     29 |     29 |      0 |      0 |      0 |   1 |   29.0 |
          Lair |   5852 |   4961 |    891 |    215 |   2557 |   5 | 1170.4 |
        Shoals |   4728 |   4390 |    338 |    765 |   1907 |   4 | 1182.0 |
     Snake Pit |   5690 |   5348 |    342 |    369 |   2232 |   4 | 1422.5 |
  Orcish Mines |   2918 |   2222 |    696 |    335 |    590 |   2 | 1459.0 |
   Elven Halls |   7930 |   7450 |    480 |   2169 |   2348 |   3 | 2643.3 |
        Vaults |  12713 |  11444 |   1269 |   2403 |   5515 |   5 | 2542.6 |
        Depths |    143 |    143 |      0 |      0 |      0 |   2 |   71.5 |
         Abyss |   1367 |   1367 |      0 |    345 |      0 |   2 |  683.5 |
         Trove |     43 |     43 |      0 |      0 |      0 |   1 |   43.0 |
      Ice Cave |    273 |    273 |      0 |    169 |      0 |   1 |  273.0 |
               +--------+--------+--------+--------+--------+-----+--------+

Top non-repeatable levels by time:
Vaults:4: 3647 daAuts
   Elf:3: 3452 daAuts
   Elf:2: 3252 daAuts
Vaults:1: 3032 daAuts
Vaults:3: 2242 daAuts
    D:10: 2191 daAuts
Vaults:2: 2062 daAuts
    D:14: 1818 daAuts
Vaults:5: 1728 daAuts
 Snake:1: 1645 daAuts
    D:11: 1638 daAuts
   Orc:1: 1627 daAuts
     D:9: 1608 daAuts
 Snake:4: 1534 daAuts
    D:13: 1491 daAuts
